 Dungeon Crawl Stone Soup version 0.28.0-1-gb440e238dd (webtiles) character file.

Game seed: 9504398572220365587

1 spaghetti the Shooter (level 1, 7/19 HPs)
             Began as a Naga Hunter on Feb 20, 2022.
             Quit the game on level 1 of the Dungeon.
             The game lasted 00:00:19 (49 turns).

spaghetti the Shooter (Naga Hunter)                   Turns: 49, Time: 00:00:19

Health: 7/19       AC:  1    Str: 14    XL:     1   Next: 20%
Magic:  1/1        EV:  9    Int: 11    God:
Gold:   0          SH:  0    Dex: 11    Spells: 0/0 levels left

rFire   . . .      SeeInvis +   a - +0 short sword
rCold   . . .      Faith    .   (no shield)
rNeg    . . .      Spirit   .   c - +0 leather armour
rPois   +          Reflect  .   (no helmet)
rElec   .          Harm     .   (no cloak)
rCorr   .          Rampage  .   (no gloves)
Will    .....                   (no barding)
Stlth   +.........              (no amulet)
HPRegen 0.06/turn               (no ring)
MPRegen 0.07/turn               (no ring)

@: very slow
A: AC +0, large, see invisible, deformed body, poison resistance, slowness 2,
spit poison 1, naga tail 1
a: Spit Poison


You were on level 1 of the Dungeon.
You visited 1 branch of the dungeon, and saw 1 of its levels.

Inventory:

Hand Weapons
 a - a +0 short sword (weapon)
 b - a +1 shortbow
Missiles
 d - 15 arrows
Armour
 c - a +0 leather armour (worn)


   Skills:
 - Level 2.0 Fighting
 + Level 3.6 Bows
 - Level 1.5 Dodging
 - Level 1.5 Stealth


You couldn't memorise any spells.
You didn't know any spells.
Your spell library was empty.

Dungeon Overview and Level Annotations

Branches:
Dungeon (1/15)

Altars:


Innate Abilities, Weirdness & Mutations

Your serpentine skin is tough. (AC +0)
You have supernaturally acute eyesight. (SInv)
Armour fits poorly on your strangely shaped body.
Your system is resistant to poisons. (rPois)
You cover ground very slowly.
You can spit poison.
You have a snake-like lower body.


Message History

A goblin is nearby!
A goblin is nearby!
You shoot an arrow. The arrow completely misses the goblin.
An endoplasm comes into view.
The goblin completely misses you.
You shoot an arrow. The arrow closely misses the goblin.
A hobgoblin comes into view.
A goblin comes into view. It is wielding a +0 dagger.
You shoot an arrow. The arrow closely misses the goblin.
The goblin barely misses you.
A ball python comes into view.
The goblin barely misses you. The hobgoblin barely misses you.
You shoot an arrow. The arrow misses the goblin.
The goblin hits you with a +0 dagger.
The hobgoblin hits you but does no damage.
You shoot an arrow. The arrow hits the goblin!
You kill the goblin!
The goblin hits you with a +0 dagger. The hobgoblin hits you.
A hobgoblin comes into view.
You are too injured to fight recklessly!
You are too injured to fight recklessly!
You are too injured to fight recklessly!
You are too injured to fight recklessly!
You are too injured to fight recklessly!
You are too injured to fight recklessly!
You are too injured to fight recklessly!
Unknown command.
A ball python and a rat come into view.
A goblin comes into view. It is wielding a +1 dagger of venom.
a - a +0 short sword (weapon)
The goblin shouts!
The hobgoblin hits you.
You are too injured to fight recklessly!
You are too injured to fight recklessly!
You are too injured to fight recklessly!
You are too injured to fight recklessly!
You are too injured to fight recklessly!
You are too injured to fight recklessly!
You are too injured to fight recklessly!
Are you sure you want to abandon this character and quit the game? (Confirm with "yes".)

.#
#............##
.##
##...##........
..#
#+.....#......
#.#
#............
..#
##...........
'## #.....#.#
.# #.##..#S##
.+ +...#.#gg#
.# #.#.#.@#.#
+# #.#.##rJ..g#
#.#. ##.##..#
..#. S# #(g.
..## .. .#..
... # . ....
.....


You could see an endoplasm, 2 hobgoblins, 2 goblins, 2 ball pythons and a rat.

Vanquished Creatures
  A goblin (D:1)
1 creature vanquished.

Notes
Turn   | Place    | Note
-------+----------+-------------------------------------------
     0 | D:1      | spaghetti the Naga Hunter began the quest for the Orb.
     0 | D:1      | Reached XP level 1. HP: 19/19 MP: 1/1
    49 | D:1      | Quit the game

Illustrated notes

Levels and vault maps discovered:
D:1:      nicolae_arrival_somewhat_less_tricky_arrival, layout_rooms,
          hellmonk_ecumenical_altar_zigzags, ebering_dispersal_statue_hall,
          grunt_decor_mini_mirrors, patterned_corridor

Action                   || total
-------------------------++-------
 Fire: Shortbow          ||     5
Armor: Leather armour    ||     1
Dodge: Dodged            ||     4
